 Dungeon Crawl Stone Soup version 0.21-a0-349-g0c35859 (webtiles) character file.

56 sveltemanboy the Sneak (level 3, -3/28 HPs)
             Began as a Gnoll Wanderer on Oct 8, 2017.
             Slain by a goblin
             ... wielding a +0 dagger
             ... led by Robin
              (4 damage)
             ... on level 2 of the Dungeon.
             The game lasted 00:04:13 (1760 turns).

sveltemanboy the Sneak (Gnoll Wanderer)             Turns: 1760, Time: 00:04:13

Health: -3/28      AC:  3    Str: 13    XL:     3   Next: 95%
Magic:  4/4        EV: 15    Int: 14    God:
Gold:   67         SH:  0    Dex: 16    Spells: 4/4 levels left

rFire    . . .     SeeInvis .   c - +0 short sword
rCold    . . .     Gourm    .   (no shield)
rNeg     . . .     Faith    .   e - +0 robe
rPois    .         Spirit   .   (no helmet)
rElec    .         Reflect  .   (no cloak)
rCorr    .         Harm     .   k - +0 pair of gloves
MR       .....                  (no boots)
Stlth    +++.......             (no amulet)
HPRegen  0.09/turn              i - ring of wizardry
MPRegen  0.09/turn              (no ring)

@: no status effects
A: distributed training, fangs 1, strong nose
a: no special abilities


You were on level 2 of the Dungeon.
You were not hungry.

You visited 1 branch of the dungeon, and saw 2 of its levels.

You collected 67 gold pieces.

Inventory:

Hand Weapons
 a - a +2 dagger
 c - a +0 short sword (weapon)
Armour
 e - a +0 robe (worn)
 k - a +0 pair of gloves (worn)
Jewellery
 i - a ring of wizardry (left hand)
Scrolls
 b - a scroll of blinking
 d - a scroll of fog {unknown}
 j - 3 scrolls of remove curse {unknown}
 m - 3 scrolls of identify {unknown}
Potions
 h - 2 potions of curing {unknown}
Comestibles
 f - 2 bread rations
 g - 2 meat rations
 l - 2 royal jellies
 n - 4 chunks of flesh


   Skills:
 + Level 2.6 Fighting
 + Level 1.0 Short Blades
 + Level 1.0 Long Blades
 + Level 1.0 Axes
 + Level 1.0 Maces & Flails
 + Level 2.6 Polearms
 + Level 2.6 Staves
 + Level 1.0 Slings
 + Level 1.0 Bows
 + Level 1.0 Crossbows
 + Level 4.6 Throwing
 + Level 1.0 Armour
 + Level 4.6 Dodging
 + Level 6.0 Stealth
 + Level 1.0 Shields
 + Level 1.0 Unarmed Combat
 + Level 1.0 Spellcasting
 + Level 1.0 Conjurations
 + Level 1.0 Hexes
 + Level 1.0 Charms
 + Level 1.0 Summonings
 + Level 1.0 Necromancy
 + Level 1.0 Translocations
 + Level 1.0 Transmutations
 + Level 1.0 Fire Magic
 + Level 1.0 Ice Magic
 + Level 1.0 Air Magic
 + Level 1.0 Earth Magic
 + Level 1.0 Poison Magic
 + Level 1.0 Invocations
 + Level 1.0 Evocations


You had 4 spell levels left.
You didn't know any spells.

Dungeon Overview and Level Annotations

Branches:
Dungeon (2/15)

Altars:

Annotations:
D:2 Robin


Innate Abilities, Weirdness & Mutations

Your experience applies equally to all skills.
You have very sharp teeth.
Your uncanny sense of smell can sniff out nearby items.


Message History

You are too injured to fight recklessly!
You are too injured to fight recklessly!
You hit Robin but do no damage.
Robin is heavily wounded.
Robin hits you but does no damage. The goblin barely misses you.
You hit Robin.
Robin is severely wounded.
Robin hits you with a spear.
* * * LOW HITPOINT WARNING * * *
The goblin hits you with a dagger.
* * * LOW HITPOINT WARNING * * *
You hit Robin.
Robin is severely wounded.
Robin barely misses you. The goblin barely misses you.
You hit Robin but do no damage.
Robin is severely wounded.
Robin hits you with a spear.
* * * LOW HITPOINT WARNING * * *
The goblin hits you with a dagger.
You die...

#.# ....###.####### #.###########
#.#.# #.# #.....†...).# #.#.# #.#
###########.# #.#.# #.# #.# #.#.#
#.# #.# #.#.# #.###### #)# #.#.#
#......#
##############.####.#.########.##
................@g............(..
#######..#####.g......########.##
# ###..############.# #[## #
#.................# #...
#####)÷...############# ####
g.........# #####.....# #.....#
#######


You could see Robin and a goblin.

Vanquished Creatures
  A worm (D:2)
  2 dart slugs (D:1)
  A giant cockroach (D:1)
  11 goblins (D:2)
  4 hobgoblins (D:1)
  2 jackals (D:2)
  10 kobolds
  A quokka (D:2)
  2 ball pythons (D:2)
  4 bats
  3 frilled lizards (D:2)
  3 rats
44 creatures vanquished.

Notes
Turn   | Place    | Note
-------+----------+-------------------------------------------
     0 | D:1      | sveltemanboy the Gnoll Wanderer began the quest for the Orb.
     0 | D:1      | sveltemanboy set off with: a +2 dagger, a scroll of blinking, a +0 short sword, a +0 spear, a +0 robe, a bread ration
     0 | D:1      | Reached XP level 1. HP: 17/17 MP: 1/1
   114 | D:1      | Reached XP level 2. HP: 22/23 MP: 2/2
   752 | D:1      | Reached XP level 3. HP: 28/28 MP: 3/3
  1080 | D:2      | Reached skill level 6 in Stealth
  1412 | D:2      | Noticed Robin
  1665 | D:2      | Reached skill level 1 in Short Blades
  1665 | D:2      | Reached skill level 1 in Long Blades
  1665 | D:2      | Reached skill level 1 in Axes
  1665 | D:2      | Reached skill level 1 in Maces & Flails
  1665 | D:2      | Reached skill level 1 in Slings
  1665 | D:2      | Reached skill level 1 in Bows
  1665 | D:2      | Reached skill level 1 in Crossbows
  1665 | D:2      | Reached skill level 1 in Armour
  1665 | D:2      | Reached skill level 1 in Shields
  1665 | D:2      | Reached skill level 1 in Unarmed Combat
  1665 | D:2      | Reached skill level 1 in Spellcasting
  1665 | D:2      | Reached skill level 1 in Conjurations
  1665 | D:2      | Reached skill level 1 in Hexes
  1665 | D:2      | Reached skill level 1 in Charms
  1665 | D:2      | Reached skill level 1 in Summonings
  1665 | D:2      | Reached skill level 1 in Necromancy
  1665 | D:2      | Reached skill level 1 in Translocations
  1665 | D:2      | Reached skill level 1 in Transmutations
  1665 | D:2      | Reached skill level 1 in Fire Magic
  1665 | D:2      | Reached skill level 1 in Ice Magic
  1665 | D:2      | Reached skill level 1 in Air Magic
  1665 | D:2      | Reached skill level 1 in Earth Magic
  1665 | D:2      | Reached skill level 1 in Poison Magic
  1665 | D:2      | Reached skill level 1 in Invocations
  1665 | D:2      | Reached skill level 1 in Evocations
  1760 | D:2      | HP: 1/28 [Robin/spear (5)]
  1760 | D:2      | Slain by a goblin

Vault maps used:
D:1:      dpeg_arrival_connections
D:2:      kennysheep_generic_room_14, uniq_robin

Skill      XL: |  1  2  3 |
---------------+----------+-----
Stealth        | 6 |  6.0
Short Blades   | 1 |  1.0
Long Blades    | 1 |  1.0
Axes           | 1 |  1.0
Maces & Flails | 1 |  1.0
Slings         | 1 |  1.0
Bows           | 1 |  1.0
Crossbows      | 1 |  1.0
Armour         | 1 |  1.0
Shields        | 1 |  1.0
Unarmed Combat | 1 |  1.0
Spellcasting   | 1 |  1.0
Conjurations   | 1 |  1.0
Hexes          | 1 |  1.0
Charms         | 1 |  1.0
Summonings     | 1 |  1.0
Necromancy     | 1 |  1.0
Translocations | 1 |  1.0
Transmutations | 1 |  1.0
Fire Magic     | 1 |  1.0
Ice Magic      | 1 |  1.0
Air Magic      | 1 |  1.0
Earth Magic    | 1 |  1.0
Poison Magic   | 1 |  1.0
Invocations    | 1 |  1.0
Evocations     | 1 |  1.0
Fighting       | |  2.6
Polearms       | |  2.6
Staves         | |  2.6
Throwing       | |  4.6
Dodging        | |  4.6

Action                   || total
-------------------------++-------
Melee: Dagger            ||    40
       Bite              ||    14
       Short sword       ||   126
 Stab: Sleeping          ||    10
  Eat: Chunk             ||     3
Armor: Robe              ||    24
Dodge: Dodged            ||   111

Table legend:
 A = Spawn XP
 B = Non-spawn XP
 C = Spawn XP percentage of total XP
 D = Spawn monster count
 E = Non-spawn monster count
 F = Spawn count percentage of total count
 G = Total turns spent on level
                    A         B        C        D         E        F      G
               +---------+---------+-------+---------+---------+-------+---------
         Total |       0 |      80 |   0.0 |       0 |      44 |   0.0 |  1760
               +---------+---------+-------+---------+---------+-------+---------
           D:1 |       0 |      35 |   0.0 |       0 |      18 |   0.0 |   903
           D:2 |       0 |      45 |   0.0 |       0 |      26 |   0.0 |   857
               +---------+---------+-------+---------+---------+-------+---------
